 Dungeon Crawl Stone Soup version 0.30-a0-4-ga7cffc901d (webtiles) character file.

Game seed: 12851554449156703833

80819 KleinerIrrer the Worldbinder (level 15, 0/69 HPs)
             Began as a Felid Summoner on Aug 20, 2022.
             Was an Initiate of Gozag.
             Hit by a javelin thrown by a merfolk javelineer (9 damage)
             ... on level 4 of the Shoals on Aug 21, 2022.
             The game lasted 02:47:23 (43092 turns).

KleinerIrrer the Worldbinder (Felid Summoner)      Turns: 43092, Time: 02:47:23

Health: 0/69       AC:  7    Str:  4    XL:     15   Next: 24%
Magic:  34/34      EV: 31    Int: 23    God:    Gozag
Gold:   850        SH:  0    Dex: 25    Spells: 8/43 levels left
                                        Lives:  0   Deaths: 5

rFire   . . .      SeeInvis +    (weapon unavailable)
rCold   + . .      Faith    .    (shield unavailable)
rNeg    . . .      Spirit   .    (body armour unavailable)
rPois   +          Reflect  .    (helmet unavailable)
rElec   .          Harm     .    (cloak unavailable)
rCorr   .          Rampage  .    (gloves unavailable)
Will    +++..                    (boots unavailable)
Stlth   +++.......               H - amulet of the acrobat
HPRegen 0.21/turn                K - ring of poison resistance
MPRegen 0.24/turn                Q - ring "Bantaxur" {*Corrode Will+ AC+4 Dex+7}

@: quick
A: very small, claws 1, fangs 3, see invisible, speed 1, shaggy fur 3, stealthy
paws, no weapons or thrown items, no armour, multi-lived
a: Renounce Religion, Potion Petition, Call Merchant, Bribe Branch


You were on level 4 of the Shoals.
You worshipped Gozag.
Gozag was pleased with you.
You visited 7 branches of the dungeon, and saw 30 of its levels.

You collected 7590 gold pieces.
You spent 3800 gold pieces at shops.
You paid 2940 gold pieces to Gozag.

Inventory:

Jewellery
 k - an amulet of magic regeneration
 l - a +4 ring of protection
 r - a +6 ring of strength
 y - a ring of protection from cold
 D - a ring of willpower
 H - an amulet of the acrobat (around neck)
 K - a ring of poison resistance (left paw)
 L - a ring of magical power
 M - a ring of protection from fire
 O - a ring of resist corrosion
 Q - the ring "Bantaxur" (right paw) {*Corrode Will+ AC+4 Dex+7}
   (You found it on level 2 of the Shoals)

   [ring of protection]

   AC:        It affects your AC (+4).
   Dex:       It affects your dexterity (+7).
   *Corrode:  It may corrode you when you take damage.
   Will:      It increases your willpower.
Wands
 o - a wand of polymorph (13)
 u - a wand of flame (51)
 z - a wand of charming (15)
 A - a wand of iceblast (14)
 B - a wand of digging (7)
 E - a wand of quicksilver (13)
 G - a wand of mindburst (6)
Scrolls
 a - 4 scrolls of poison
 g - a scroll of fear
 h - 2 scrolls of summoning
 i - 7 scrolls of noise
 t - 16 scrolls of identify
 v - 2 scrolls of blinking
 w - 10 scrolls of teleportation
 F - 2 scrolls of magic mapping
Potions
 b - 9 potions of might
 c - 11 potions of curing
 d - 6 potions of lignification
 e - 3 potions of resistance
 f - 8 potions of haste
 m - 11 potions of mutation
 n - 6 potions of degeneration
 p - a potion of invisibility
 q - 4 potions of cancellation
 s - 2 potions of flight
 x - 5 potions of brilliance
 I - 2 potions of attraction
 J - 3 potions of berserk rage
 N - 2 potions of magic
 P - 2 potions of ambrosia {unknown}
Miscellaneous
 j - a box of beasts
 C - a piece from Xom's chessboard (15/15)
 R - a phial of floods


   Skills:
 - Level 10.0 Fighting
 - Level 13.2 Dodging
 - Level 2.6 Stealth
 + Level 14.7 Spellcasting
 - Level 10.0 Hexes
 + Level 22.5 Summonings
 - Level 7.0 Air Magic


You had 8 spell levels left.
You knew the following spells:

 Your Spells              Type           Power      Damage    Failure   Level
a - Monstrous Menagerie   Summ           44%        N/A       1%          7
b - Call Imp              Summ           88%        N/A       0%          2
c - Call Canine Familiar  Summ           88%        N/A       0%          3
d - Summon Guardian Gole  Hex/Summ       75%        N/A       0%          3
e - Summon Lightning Spi  Summ/Air       71%        N/A       1%          4
f - Summon Mana Viper     Hex/Summ       75%        N/A       1%          5
g - Summon Forest         Summ/Tloc      31%        N/A       1%          5
h - Tukima's Dance        Hex            58%        N/A       1%          3
i - Mephitic Cloud        Conj/Pois/Air  27%        N/A       4%          3

Your spell library contained the following spells:

 Spells                   Type           Power      Damage    Failure   Level
 Summon Small Mammal      Summ           100%       N/A       0%          1
 Ensorcelled Hibernation  Hex/Ice        78%        N/A       1%          2
 Swiftness                Air            49%        N/A       1%          3
 Cause Fear               Hex            29%        N/A       1%          4
 Summon Ice Beast         Ice/Summ       62%        N/A       1%          4
 Summon Cactus Giant      Summ           44%        N/A       1%          6
 Summon Hydra             Summ           44%        N/A       1%          7
 Fulminant Prism          Conj/Hex       19%        3d11      4%          4
 Leda's Liquefaction      Hex/Erth       19%        N/A       4%          4
 Passwall                 Tmut/Erth      13%        N/A       5%          2
 Scorch                   Fire           32%        2d6       5%          2
 Sublimation of Blood     Necr           16%        N/A       5%          2
 Wereblood                Tmut           16%        N/A       5%          2
 Conjure Flame            Conj/Fire      16%        6-21      11%         3
 Frozen Ramparts          Ice            32%        1d5       11%         3
 Gell's Gravitas          Tloc           16%        N/A       11%         3
 Ignite Poison            Fire/Tmut/Pois 16%        N/A       11%         3
 Teleport Other           Tloc           16%        N/A       11%         3
 Yara's Violent Unravell  Hex/Tmut       19%        3d9       12%         5
 Haunt                    Necr/Summ      31%        N/A       28%         7
 Flame Wave               Conj/Fire      16%        2d7       34%         4
 Hailstorm                Conj/Ice       16%        3d6       34%         4
 Ice Form                 Ice/Tmut       16%        N/A       34%         4
 Passage of Golubria      Tloc           16%        N/A       34%         4
 Sticky Flame             Conj/Fire      16%        2d4       34%         4
 Freezing Cloud           Conj/Ice/Air   13%        6-21      36%         5
 Blade Hands              Tmut           8%         N/A       67%         5
 Conjure Ball Lightning   Conj/Air       16%        3x3d6     77%         6
 Discord                  Hex            29%        N/A       98%         8
 Dispersal                Tloc           8%         N/A       99%         6
 Dragon Form              Tmut           8%         N/A       100%        7
 Disjunction              Tloc           8%         N/A       100%        8
 Dragon's Call            Summ           44%        N/A       34%         9
 Portal Projectile        Hex/Tloc       Unusable   N/A       N/A         3
 Simulacrum               Ice/Necr       Unusable   N/A       N/A         6

Dungeon Overview and Level Annotations

Branches:
Dungeon (15/15)            Temple (1/1) D:4            Lair (5/5) D:8
 Shoals (4/4) Lair:2       Spider (3/4) Lair:2        Slime (0/5) Lair:5
    Orc (1/2) D:9          Vaults (0/5) D:13         Depths (1/4) D:15

Altars:
Ashenzari
Cheibriados
Dithmenos
Elyvilon
Fedhas
Gozag
Hepliaklqana
Kikubaaqudgha
Makhleb
Nemelex Xobeh
Okawaru
Qazlal
Ru
Sif Muna
Trog
Uskayaw
Vehumet
Wu Jian
Xom
Yredelemnul
Zin
The Shining One

Shops:
D:2 =   D:9 *   D:11 ?   D:14 !   Lair:1 ?   Lair:2 !   Lair:4 :

Annotations:
D:8 exclusion: electric eel
Shoals:3 1 exclusion
Shoals:4 Donald
Spider:3 Mlioglotl


Innate Abilities, Weirdness & Mutations

You have sharp claws.
You have razor-sharp teeth.
You have supernaturally acute eyesight. (SInv)
You cover ground quickly. (Speed+)
Your thick and shaggy fur keeps you warm. (AC +3, rC+)
Your paws help you pounce on unaware monsters.
You are incapable of wielding weapons or throwing items.
You cannot wear armour.
You gain extra lives every three experience levels.


Message History

The merfolk impaler throws a stone.
The stone completely misses you.
The merfolk javelineer throws a javelin.
The javelin misses the merfolk impaler.
The javelin completely misses you.
The merfolk impaler throws a stone.
The stone completely misses you.
The merfolk javelineer throws a javelin.
The javelin pierces through you. The merfolk impaler closely misses you.
The merfolk javelineer throws a javelin.
The javelin pierces through the merfolk impaler!
The merfolk impaler completely misses you.
The merfolk javelineer throws a javelin.
The javelin pierces through the merfolk impaler!
There is a stone staircase leading up here.
The merfolk impaler throws a stone.
The stone misses you.
The merfolk javelineer throws a javelin.
You climb upwards.
Level annotation: 1 exclusion You flicker back into view.
There is a stone staircase leading down here.
You start resting.
You feel a little less mighty now.
You start resting.
Magic restored.
You start resting.
HP restored.
You climb downwards.
Level annotation: Donald The merfolk javelineer throws a javelin.
The javelin closely misses you.
The merfolk impaler hits you from afar with a +2 demon trident of electrocution!!
You are electrocuted!
The merfolk impaler closely misses you.
The merfolk javelineer throws a javelin.
The javelin pierces through you!!
* * * LOW HITPOINT WARNING * * *
There is a stone staircase leading up, spattered with blood here.
Unknown command.
The merfolk impaler barely misses you.
The merfolk javelineer throws a javelin.
The javelin pierces through you!
You die...
Your body crumbles into a pile of gold.

...m........~~≈≈≈~P~~~.....~$~$~≈
.~~......~~~P~≈≈≈P~P~~~~~#~~#$~≈≈
#~~~~~~~~~~~~≈≈≈≈~~~m~~#######$~≈
#~~~~~~~~~~~≈~~~~~~~~###~~~#~~#~~
~####≈≈≈≈≈≈≈≈~~~~~~~~~#~~~≈~~~#~.
~ ≈≈≈≈≈~~~≈≈~~~~~~~~~##~#~#~###.
~ ≈##≈≈≈~~~~~~~~~~~≈~###≈~~~≈###.
≈ #≈≈≈~~~~.....~~~~##~~#~#~~##.
~##~~~~~.###@.m~~~#~~~≈~~~##~
#~~~~.## #..~~~~##..##~###~
#~~~..## #..~~~~~#######~~~
#~~~~..###..~~~~.#..#~.~~~~
#.~~~~<...[~~~~~........~~~
#.~~~~~.$~~~~~~~........~~~
#~~~~~~~~~~~~~~~........~~~
###~~~~~~~~~~~~~~~~......~~~~
#..~~~~~~~~~~~~~~~....~~~~~~~


You could see a merfolk impaler and a merfolk javelineer.

Vanquished Creatures
  A ghost moth (Lair:2)
  An orc (D:4)
  A bat (D:1)
  A kobold (D:1)
4 creatures vanquished.

Vanquished Creatures (collateral kills)
  Nikola (Spider:2)
  Arachne (Spider:2)
  Gastronok (D:11)
  Frances (D:13)
  Polyphemus (Shoals:3)
  A sphinx (Depths:1)
  A kraken (Shoals:3)
  Kirke (Shoals:1)
  Agnes (D:15)
  A fire giant (D:15)
  Louise (Spider:3)
  A frost giant (Shoals:3)
  3 broodmothers
  Nessos (Lair:4)
  2 entropy weavers
  The ghost of jt the Tortoise, a journeyman MeAK of Lugonu (Spider:1)
  A dire elephant (Lair:5)
  4 merfolk javelineers
  11 merfolk impalers
  Josephine (D:13)
  Erolcha (D:11)
  3 boulder beetles
  A vault guard (D:13)
  2 catoblepae
  7 hydras
  2 alligator snapping turtles
  A spriggan air mage (Depths:1)
  3 two-headed ogres
  A satyr (Shoals:1)
  8 death yaks
  4 merfolk avatars
  3 tengu warriors (D:15)
  2 merfolk aquamancers
  A deep troll shaman (Depths:1)
  A soul eater (D:14)
  Sonja (D:10)
  A sun demon (D:14)
  4 pharaoh ants
  A sun moth (Spider:3)
  A deep troll (Depths:1)
  3 skeletal warriors (D:14)
  2 steelbarb worms
  7 sea snakes
  4 orb spiders
  A wizard (D:13)
  A lindwurm (Lair:4)
  3 spectral wolf spiders (Spider:1)
  8 harpies
  2 necromancers (D:13)
  4 deep elf pyromancers
  15 cyclopes
  17 ugly things
  7 wolf spider zombies (Spider:1)
  2 moths of wrath (Spider:2)
  17 wolf spiders
  10 fauns
  15 manticores
  A slime creature (D:14)
  2 elephants
  3 black mambas
  2 water nymphs
  10 merfolk sirens
  A rust devil (D:14)
  8 cane toads
  Joseph (D:7)
  An orange demon (D:14)
  Maggie (D:7)
  2 torpor snails
  2 rime drakes
  6 demonic crawlers
  9 komodo dragons
  A freezing wraith (D:14)
  An unseen horror (D:12)
  2 ice devils (D:14)
  3 efreet
  3 hellwings (D:14)
  A red devil (D:14)
  2 trolls
  5 meliai
  4 wind drakes
  7 tarantellas
  2 polar bears (Lair:5)
  6 snapping turtles
  40 merfolk
  6 wolf spider simulacra (Spider:1)
  3 hornets
  24 blink frogs
  12 dream sheep
  15 jumping spiders
  7 water elementals
  4 ynoxinuls (D:14)
  A vampire (D:13)
  A shadow (D:6)
  12 culicivoras
  5 wyverns
  5 hogs (Shoals:1)
  5 wraiths
  18 humans (D:13)
  27 redbacks
  A neqoxec (D:14)
  28 yaks
  2 chaos spawn (D:14)
  3 steam dragons
  6 basilisks
  5 acid dragons
  2 hell hounds (Lair:1)
  14 water moccasins
  An ice beast (D:6)
  A sky beast (D:7)
  10 orc warriors
  4 black bears
  9 wolves
  An ogre (Orc:1)
  6 centaurs
  A phantom (D:6)
  2 kobold brigands (D:8)
  2 gnoll sergeants
  5 scorpions
  12 bullfrogs
  2 necrophages
  6 wights
  6 killer bees
  5 nameless horrors
  5 howler monkeys
  An electric eel (D:8)
  A hound (D:5)
  3 jellies
  7 orc priests
  2 gnoll boudas
  2 iguanas
  7 orc wizards
  Robin (D:3)
  22 gnolls
  8 adders
  A shadow imp (D:7)
  An ufetubus (D:6)
  2 worms (D:3)
  A dart slug (D:4)
  47 orcs
  3 bats
  10 endoplasms
  3 giant cockroaches
  15 goblins
  11 hobgoblins
  4 jackals (D:3)
  2 quokkas
  8 ball pythons
  19 kobolds
  5 rats
  A spectral kobold (D:7)
  2 butterflies (Lair:4)
  2 tentacles (Shoals:3)
803 creatures vanquished.

Vanquished Creatures (others)
  A merfolk impaler (Shoals:4)
  A merfolk javelineer (Shoals:3)
  A wizard (D:13)
  2 ugly things (D:14)
  A manticore (D:14)
  A meliai (D:14)
  A hornet (D:7)
  3 slime creatures (D:14)
  5 yaks
  2 humans (D:13)
  A steam dragon (D:6)
  Eustachio (D:4)
  A neqoxec (D:14)
  A basilisk (Lair:4)
  A redback (Spider:2)
  4 wolves (Lair:2)
  A kobold brigand (D:7)
  A hound (D:4)
  2 gnolls (D:7)
  A kobold (D:4)
  4 demonic plants (D:14)
  29 fungi
  135 plants
  10 tentacles (Shoals:3)
  A withered plant (Spider:1)
211 creatures vanquished.

Grand Total: 1018 creatures vanquished

Notes
Turn   | Place    | Note
-------+----------+-------------------------------------------
     0 | D:1      | KleinerIrrer the Felid Summoner began the quest for the
                  | Orb.
     0 | D:1      | Reached XP level 1. HP: 7/7 MP: 4/4
   365 | D:1      | Reached XP level 2. HP: 8/11 MP: 4/6
  1265 | D:1      | Learned a level 2 spell: Call Imp
  1275 | D:1      | Reached XP level 3. HP: 14/14 MP: 2/8
  1560 | D:2      | Noticed a necrophage
  1582 | D:2      | Killed a necrophage
  1583 | D:2      | Reached skill level 5 in Summonings
  1583 | D:2      | Reached XP level 4. HP: 18/18 MP: 7/10
  1587 | D:2      | Learned a level 3 spell: Call Canine Familiar
  2273 | D:2      | Found Questus's Jewellery Shop.
  2585 | D:3      | Reached XP level 5. HP: 21/21 MP: 11/11
  2792 | D:3      | Noticed Robin
  2801 | D:3      | Killed Robin
  2953 | D:3      | Learned a level 3 spell: Summon Guardian Golem
  3380 | D:4      | Found a radiant altar of Vehumet.
  3483 | D:4      | Found a staircase to the Ecumenical Temple.
  3500 | Temple   | Entered the Ecumenical Temple
  4013 | D:4      | Reached skill level 1 in Hexes
  4013 | D:4      | Gained mutation: You are covered in thick fur. (AC +2)
                  | [Felid growth]
  4013 | D:4      | Reached XP level 6. HP: 18/24 MP: 10/13
  4296 | D:4      | Noticed Eustachio
  4319 | D:4      | Killed Eustachio
  4320 | D:4      | Reached skill level 6 in Summonings
  4325 | D:4      | Learned a level 4 spell: Summon Lightning Spire
  4493 | D:4      | Found an opulent altar of Gozag.
  4501 | D:4      | Became a worshipper of Gozag Ym Sagoz the Greedy
  4725 | D:5      | Entered Level 5 of the Dungeon
  4894 | D:5      | Reached XP level 7. HP: 27/27 MP: 15/15
  5083 | D:5      | Reached skill level 5 in Spellcasting
  5451 | D:5      | Identified the +2 pair of gloves "Zoprac" {rC+}
  5579 | D:6      | Reached skill level 5 in Hexes
  5579 | D:6      | Reached skill level 1 in Air Magic
  5641 | D:6      | Noticed a steam dragon
  5660 | D:6      | Killed a steam dragon
  5721 | D:6      | Reached skill level 7 in Summonings
  5721 | D:6      | Reached XP level 8. HP: 31/31 MP: 14/17
  5761 | D:6      | Found a stormy altar of Qazlal.
  6158 | D:6      | Noticed a two-headed ogre
  6169 | D:6      | Killed a two-headed ogre
  6170 | D:6      | Reached skill level 5 in Air Magic
  6170 | D:6      | Reached XP level 9. HP: 34/34 MP: 19/19
  6195 | D:6      | Reached skill level 8 in Summonings
  6693 | D:7      | Noticed Joseph
  6731 | D:7      | Killed Joseph
  7037 | D:7      | Found a snail-covered altar of Cheibriados.
  7077 | D:7      | Found a hazy altar of Hepliaklqana.
  7253 | D:7      | Noticed Maggie
  7780 | D:7      | Reached skill level 9 in Summonings
  8180 | D:7      | Learned a level 5 spell: Summon Mana Viper
  8241 | D:8      | Reached skill level 1 in Fighting
  8454 | D:8      | Found a staircase to the Lair.
  8457 | D:8      | Noticed an elephant
  8480 | D:8      | Reached XP level 10. HP: 40/40 MP: 16/21
  8669 | D:8      | Found a bloodstained altar of Trog.
  8877 | D:8      | Killed an elephant
  9377 | D:8      | Reached skill level 10 in Summonings
  9378 | D:8      | Killed from afar by an electric eel
  9379 | D:8      | Reached XP level 9. HP: -2/37 MP: 19/20
  9566 | D:9      | Reached skill level 5 in Dodging
  9773 | D:9      | Found Juvolag's Mass Market.
 10064 | D:9      | Reached XP level 10. HP: 43/43 MP: 18/21
 10191 | D:9      | Found a staircase to the Orcish Mines.
 10341 | D:9      | Found a shimmering altar of Xom.
 10341 | D:9      | Found a glowing golden altar of the Shining One.
 10342 | D:9      | Found a blossoming altar of Fedhas.
 10498 | D:9      | Noticed a two-headed ogre
 10532 | D:9      | Killed a two-headed ogre
 10533 | D:9      | Reached skill level 5 in Fighting
 10850 | Lair:1   | Entered Level 1 of the Lair of Beasts
 10994 | Lair:1   | Identified a scroll of acquirement
 10994 | Lair:1   | Acquired the Anthology of Vexing Adjuration
 11289 | Lair:1   | Reached skill level 10 in Hexes
 11322 | Lair:1   | Reached XP level 11. HP: 24/48 MP: 17/22
 11350 | Lair:1   | Bought a scroll of fear for 48 gold pieces
 11350 | Lair:1   | Bought a scroll of summoning for 114 gold pieces
 11812 | Lair:1   | Noticed a boulder beetle
 11857 | Lair:1   | Killed a boulder beetle
 12915 | Lair:2   | Reached skill level 10 in Dodging
 13133 | Lair:2   | Found a staircase to the Shoals.
 13239 | Lair:2   | Found a broken altar of Ashenzari.
 13578 | Lair:2   | Found a hole to the Spider Nest.
 14224 | Lair:3   | Learned a level 5 spell: Summon Forest
 14553 | Lair:3   | Reached skill level 11 in Summonings
 14578 | Lair:3   | Noticed an eight-headed hydra
 14584 | Lair:3   | Killed an eight-headed hydra
 14585 | Lair:3   | Acquired Great Wizards, Vol. VII
 15468 | Lair:4   | Noticed a seven-headed hydra
 15477 | Lair:4   | Killed a seven-headed hydra
 15478 | Lair:4   | Reached skill level 12 in Summonings
 15478 | Lair:4   | Gained mutation: Your thick and shaggy fur keeps you warm.
                  | (AC +3, rC+) [Felid growth]
 15478 | Lair:4   | Reached XP level 12. HP: 55/55 MP: 14/23
 15517 | Lair:4   | Noticed a five-headed hydra
 15524 | Lair:4   | Killed a five-headed hydra
 15734 | Lair:4   | Reached skill level 13 in Summonings
 15886 | Lair:4   | Noticed a catoblepas
 15919 | Lair:4   | Killed a catoblepas
 16518 | Lair:4   | Noticed Nessos
 16541 | Lair:4   | Shot with an arrow by Nessos
 16542 | Lair:4   | Reached XP level 11. HP: -3/51 MP: 2/22
 16750 | Orc:1    | Entered Level 1 of the Orcish Mines
 16750 | Orc:1    | Noticed an orc knight
 16872 | D:9      | Reached skill level 14 in Summonings
 17279 | D:10     | Entered Level 10 of the Dungeon
 17442 | D:10     | Noticed a two-headed ogre
 17449 | D:10     | Killed a two-headed ogre
 17460 | D:10     | Found a glowing silver altar of Zin.
 17759 | D:10     | Noticed Sonja
 17774 | D:10     | Killed Sonja
 17962 | D:11     | Noticed Gastronok
 17989 | D:11     | Paralysed by a hornet for 3 turns
 18238 | D:11     | Killed Gastronok
 18422 | D:11     | Reached skill level 15 in Summonings
 18523 | D:11     | Found Qeenen's Magic Scroll Boutique.
 18531 | D:11     | Bought a scroll of fear for 64 gold pieces
 18531 | D:11     | Bought a scroll of magic mapping for 120 gold pieces
 18531 | D:11     | Bought a scroll of teleportation for 48 gold pieces
 18531 | D:11     | Bought a scroll of identify for 32 gold pieces
 18588 | D:11     | Reached XP level 12. HP: 55/55 MP: 23/23
 18791 | D:11     | Noticed Erolcha
 18811 | D:11     | Killed Erolcha
 19348 | D:12     | Found a hide-covered altar of Uskayaw.
 19645 | D:12     | Noticed a boulder beetle
 19659 | D:12     | Killed a boulder beetle
 20145 | D:13     | Noticed Josephine
 20156 | D:13     | Killed Josephine
 20270 | D:13     | Reached skill level 16 in Summonings
 20350 | D:13     | Noticed a boulder beetle
 20360 | D:13     | Killed a boulder beetle
 20689 | D:13     | Noticed a vault guard
 20706 | D:13     | Killed a vault guard
 20706 | D:13     | HP: 1/55 [themself (30)]
 20965 | D:13     | Found a gate to the Vaults.
 21085 | D:13     | Noticed Frances
 21103 | D:13     | Killed Frances
 21104 | D:13     | Reached XP level 13. HP: 51/58 MP: 6/26
 21207 | D:14     | Found a sparkling altar of Nemelex Xobeh.
 21581 | D:14     | Found the +18 shield of the Gong {rElec rN+ Will+ EV-5}
 21593 | D:14     | Killed from afar by an acid dragon
 21594 | D:14     | Reached XP level 12. HP: -4/55 MP: 13/26
 21627 | D:14     | HP: 2/55 [meliai/divine providence (15)]
 21862 | D:14     | Found Lull's Distillery.
 22155 | D:14     | Reached skill level 10 in Spellcasting
 22279 | D:14     | Learned a level 7 spell: Monstrous Menagerie
 22364 | D:14     | Reached XP level 13. HP: 56/59 MP: 19/28
 22959 | D:14     | Bought a potion of mutation for 96 gold pieces
 22959 | D:14     | Bought a potion of heal wounds for 60 gold pieces
 22959 | D:14     | Bought a potion of heal wounds for 60 gold pieces
 22959 | D:14     | Bought a potion of magic for 96 gold pieces
 22959 | D:14     | Bought a potion of heal wounds for 60 gold pieces
 23445 | Lair:4   | Bought a book of Weapons for 532 gold pieces
 23449 | Lair:4   | Learned a level 3 spell: Tukima's Dance
 23510 | Lair:1   | Bought a scroll of vulnerability for 48 gold pieces
 23510 | Lair:1   | Bought a scroll of identify for 24 gold pieces
 23510 | Lair:1   | Bought a scroll of identify for 24 gold pieces
 23510 | Lair:1   | Bought a scroll of teleportation for 36 gold pieces
 23510 | Lair:1   | Bought a scroll of identify for 24 gold pieces
 23510 | Lair:1   | Bought a scroll of teleportation for 36 gold pieces
 23722 | Lair:4   | Killed Nessos
 24148 | Lair:5   | Entered Level 5 of the Lair of Beasts
 24228 | Lair:5   | Found a staircase to the Slime Pits.
 24492 | Lair:5   | Reached skill level 17 in Summonings
 24862 | Lair:5   | Noticed a dire elephant
 24893 | Lair:5   | Killed a dire elephant
 25396 | Lair:5   | Reached XP level 14. HP: 55/65 MP: 15/30
 26415 | D:15     | Entered Level 15 of the Dungeon
 26498 | D:15     | Found a sacrificial altar of Ru.
 26736 | D:15     | Noticed a fire giant
 26999 | D:15     | Found a staircase to the Depths.
 27106 | D:15     | Reached skill level 10 in Fighting
 27118 | D:15     | Noticed Agnes
 27134 | D:15     | Killed Agnes
 27656 | D:15     | Killed a fire giant
 27960 | D:15     | Found an ornate altar of the Wu Jian Council.
 28551 | D:7      | Killed Maggie
 28799 | D:2      | Bought a ring of poison resistance for 260 gold pieces
 28799 | D:2      | Bought a ring of resist corrosion for 260 gold pieces
 29027 | Spider:1 | Entered Level 1 of the Spider Nest
 29278 | Spider:1 | Found a runed translucent door.
 29290 | Spider:1 | Noticed jt's ghost (journeyman MeAK)
 29305 | Spider:1 | Killed jt's ghost
 29580 | Spider:1 | Noticed a broodmother
 29588 | Spider:1 | Killed a broodmother
 29687 | Spider:1 | Noticed a ghost moth
 30183 | Lair:2   | Killed a ghost moth
 30344 | Shoals:1 | Entered Level 1 of the Shoals
 30484 | Shoals:1 | Reached skill level 18 in Summonings
 30924 | Shoals:1 | You fall into a shaft and drop 1 floor!
 31103 | Shoals:1 | Reached XP level 15. HP: 69/69 MP: 24/33
 31989 | Shoals:1 | Noticed Kirke
 32023 | Shoals:1 | Killed Kirke
 32426 | Lair:4   | Bought a book of the Dragon for 874 gold pieces
 32789 | Shoals:1 | Learned a level 3 spell: Mephitic Cloud
 34151 | Spider:2 | You fall into a shaft and drop 1 floor!
 34167 | Spider:3 | Reached skill level 19 in Summonings
 34748 | Spider:2 | Noticed Nikola
 34759 | Spider:2 | Killed Nikola
 35090 | Spider:2 | Noticed Arachne
 35106 | Spider:2 | Reached skill level 20 in Summonings
 35110 | Spider:2 | Killed Arachne
 35271 | Spider:2 | Reached XP level 16. HP: 41/73 MP: 16/35
 36374 | Spider:3 | Noticed Louise
 36385 | Spider:3 | Killed Louise
 36414 | Spider:3 | Noticed Mlioglotl
 37411 | Depths:1 | Entered Level 1 of the Depths
 37411 | Depths:1 | Noticed a sphinx
 37446 | Depths:1 | Killed a sphinx
 38116 | Lair:2   | Bought a potion of mutation for 136 gold pieces
 38116 | Lair:2   | Bought a potion of curing for 51 gold pieces
 38116 | Lair:2   | Bought 2 potions of heal wounds for 170 gold pieces
 38116 | Lair:2   | Bought a potion of curing for 51 gold pieces
 38116 | Lair:2   | Bought a potion of haste for 170 gold pieces
 38116 | Lair:2   | Bought a potion of heal wounds for 85 gold pieces
 38116 | Lair:2   | Bought a potion of lignification for 51 gold pieces
 38116 | Lair:2   | Bought a potion of haste for 170 gold pieces
 38533 | Shoals:2 | Identified the ring "Bantaxur" {*Corrode Will+ AC+4 Dex+7}
 38620 | Shoals:2 | Reached skill level 21 in Summonings
 39347 | Shoals:3 | Demolished by a merfolk
 39348 | Shoals:3 | Reached XP level 15. HP: -17/69 MP: 14/34
 39473 | Shoals:3 | Noticed Polyphemus
 39475 | Shoals:3 | Noticed a kraken
 39518 | Shoals:3 | Killed Polyphemus
 39593 | Shoals:4 | Entered Level 4 of the Shoals
 40046 | Shoals:3 | Killed a kraken
 40814 | Shoals:4 | Reached skill level 22 in Summonings
 41042 | Shoals:4 | Hit by a javelin thrown by a merfolk javelineer
 41043 | Shoals:4 | Reached XP level 14. HP: 0/66 MP: 19/33
 41268 | Shoals:3 | Noticed a titan
 41270 | Shoals:3 | Noticed a frost giant
 41285 | Shoals:3 | Killed a frost giant
 41352 | Shoals:3 | Reached XP level 15. HP: 54/69 MP: 19/34
 41430 | Shoals:3 | Identified the +3 great mace "Maenien" {antimagic, rElec}
 42918 | Shoals:4 | Noticed Donald
 43092 | Shoals:4 | Hit by a javelin thrown by a merfolk javelineer

Illustrated notes

Levels and vault maps discovered:
D:1:      nicolae_arrival_somewhat_less_tricky_arrival, layout_basic,
          minmay_bisected
D:2:      layout_basic, serial_shops, nicolae_shop_waterfront
D:3:      layout_basic, uniq_robin
D:4:      layout_layer_cave, vehumet_crystals, lemuel_coloured_pillars_altar,
          minmay_temple_entry_waves, columned_hall_lemuel, uniq_eustachio
D:5:      layout_loops_ring, kennysheep_generic_room_15
D:6:      kennysheep_big_flooded_room, layout_loops_corners,
          grunt_qazlal_sundering, nicolae_figureground_sparkle
D:7:      layout_loops_ring, cheibriados_altar_1,
          nicolae_hepliaklqana_monster_ancestors, uniq_maggie, uniq_joseph
D:8:      layout_gridville, mainiacjoe_overflow_24_doors, david_lair_generic,
          disabler_island
D:9:      layout_basic, gammafunk_temple_overflow_claw, david_orc_4,
          minmay_misc_feat_chi, minmay_shop_mass, item_on_display_a
D:10:     layout_irregular_city, zin_academy, serial_column_ruins,
          column_ruins_hut, column_ruins_open_tiny, column_ruins_columns_T,
          column_ruins_open_tiny, minmay_tree_intersection, uniq_sonja
D:11:     layout_loops_ring, serial_shops, shop, minmay_diced_spiral,
          uniq_gastronok, uniq_erolcha
D:12:     layout_roguey, nicolae_uskayaw_dance_hall
D:13:     layout_rooms, grunt_vaults_entry_tiered, uniq_frances, uniq_josephine
D:14:     layout_irregular_city, serial_demonic, serial_demonic_b,
          serial_demonic_e, serial_demonic_d, serial_demonic_b,
          serial_demonic_b, serial_demonic_d, serial_demonic_b,
          nemelex_altar_shiori, serial_shops, nicolae_square_shop
D:15:     grunt_enter_depths_giant_problem, layout_gridville,
          nicolae_ru_awakened_eye, pdpol_wu_jian_five_deadly_venoms, uniq_agnes
Temple:   minmay_temple_forest_path
Lair:1:   layout_small_grid, portal_ice_cave_entry_pillars_2, enter_volcano_3,
          nzn_sisyphean_effort, infiniplex_staircase_pool_2, grunt_megastairs_1
Lair:2:   layout_loops_ring, elwin_shoals_entry_stream,
          hellmonk_spider_entry_life_and_decay, basic_altar,
          infiniplex_staircase_pool
Lair:3:   layout_regular_city
Lair:4:   layout_cave_pods, chequers_serial_rivers_micro_e, lemuel_fruit_fields,
          lemuel_fruit_fields, serial_bayou_shore_a, uniq_nessos
Lair:5:   gammafunk_lair_ancient_temple, layout_regular_city, slime_entry_1,
          minivault_25, grunt_forest_large_clearing_hut
Shoals:1: cheibrodos_shoals_oceanic_diplomacy, layout_shoals,
          nicolae_shoals_cliffside_cave, uniq_kirke
Shoals:2: layout_shoals, nicolae_shoals_elemental_ambush
Shoals:3: cheibrodos_shoals_gigantism, layout_shoals, st_shoals_ruin,
          uniq_polyphemus
Shoals:4: shoals_end_grunt_ice, layout_shoals,
          nicolae_shoals_lost_giant_amphitheater,
          nicolae_shoals_pincushion_passage, uniq_donald
Spider:1: layout_spider_delve, gammafunk_ghost_grave,
          nicolae_spider_undead_wolf_pack
Spider:2: layout_spider_delve, uniq_arachne, uniq_nikola
Spider:3: layout_spider_delve, nicolae_spider_circle_web, uniq_mlioglotl,
          uniq_louise
Orc:1:    layout_diamond_mine, basic_altar, uniq_harold
Depths:1: layout_gridlike, abyss_entry, grunt_hell_entry_dis_old,
          hangedman_decor_peaks_small, cheibrodos_ashenzari_chains,
          serial_bayou_shore_b, grunt_megastairs_4

Skill      XL: |  1  2  3  4  5  6  7  8  9 10 11 12 13 14 15 16 |
---------------+-------------------------------------------------+-----
Spellcasting   | 3 4 5 6 7 10 11 13 14 | 14.7
Summonings     | 5 6 7 9 10 15 16 17 18 22 21 | 22.5
Hexes          | 1 3 5 8 10 | 10.0
Air Magic      | 2 5 7 |  7.0
Dodging        | 6 8 10 11 12 13 | 13.2
Fighting       | 4 6 7 9 10 | 10.0
Stealth        | |  2.6

Action                   |  1- 3 |  4- 6 |  7- 9 | 10-12 | 13-15 | 16-18 || total
-------------------------+-------+-------+-------+-------+-------+-------++-------
Melee: Unarmed           |     8 |     6 |     4 |    11 |     7 |     1 ||    37
       Bite              |       |     1 |       |     2 |     1 |       ||     4
       Punch             |       |       |       |     1 |       |       ||     1
 Cast: Summon Small Mamm |    38 |    18 |     4 |       |       |       ||    60
       Call Imp          |     4 |    25 |    25 |    21 |     5 |       ||    80
       Call Canine Famil |       |    15 |    36 |    88 |    69 |     8 ||   216
       Summon Guardian G |       |     5 |    16 |    19 |     5 |       ||    45
       Summon Lightning  |       |       |    14 |    47 |    28 |     5 ||    94
       Summon Mana Viper |       |       |     8 |   125 |   127 |    12 ||   272
       Summon Forest     |       |       |       |     1 |     7 |       ||     8
       Monstrous Menager |       |       |       |     4 |   214 |    56 ||   274
       Tukima's Dance    |       |       |       |       |     5 |       ||     5
       Mephitic Cloud    |       |       |       |       |     2 |       ||     2
Invok: Call Merchant     |       |       |       |     1 |     1 |     1 ||     3
       Potion Petition   |       |       |       |       |     2 |       ||     2
Evoke: Wand              |       |       |       |       |     7 |     1 ||     8
  Use: Scroll            |     2 |     2 |     4 |    21 |    10 |       ||    39
       Potion            |     1 |     1 |       |     5 |     7 |     6 ||    20
Armor: Skin              |     2 |    10 |     4 |    14 |    28 |     3 ||    61
Dodge: Dodged            |    22 |    67 |    36 |   169 |   410 |   101 ||   805

Table legend: (Time is in decaauts)
 A = Elapsed time spent in this place.
 B = Non-inter-level travel time spent in this place.
 C = Inter-level travel time spent in this place.
 D = Time resting spent in this place.
 E = Time spent auto-exploring this place.
 F = Levels seen in this place.
 G = Mean time per level.
                   A        B        C        D        E       F      G
               +--------+--------+--------+--------+--------+-----+--------+
         Total |  38615 |  34615 |   4000 |   6625 |  20227 |  30 | 1287.2 |
       Dungeon |  18489 |  16512 |   1977 |   2695 |  10039 |  15 | 1232.6 |
        Temple |    327 |    297 |     30 |      0 |    287 |   1 |  327.0 |
          Lair |   8334 |   7119 |   1215 |   1200 |   4518 |   5 | 1666.8 |
        Shoals |   6898 |   6456 |    442 |   2172 |   2786 |   4 | 1724.5 |
   Spider Nest |   4448 |   4115 |    333 |    558 |   2569 |   3 | 1482.7 |
  Orcish Mines |     11 |     11 |      0 |      0 |      0 |   1 |   11.0 |
        Depths |    106 |    106 |      0 |      0 |     26 |   1 |  106.0 |
               +--------+--------+--------+--------+--------+-----+--------+

Top non-repeatable levels by time:
    D:14: 2428 daAuts
Spider:2: 2340 daAuts
  Lair:2: 2211 daAuts
Shoals:1: 2199 daAuts
Shoals:3: 2069 daAuts
  Lair:5: 1792 daAuts
     D:9: 1643 daAuts
  Lair:1: 1642 daAuts
    D:15: 1638 daAuts
     D:7: 1603 daAuts
Shoals:4: 1594 daAuts
  Lair:4: 1576 daAuts
     D:8: 1558 daAuts
Spider:1: 1541 daAuts
     D:1: 1358 daAuts
